 Dungeon Crawl Stone Soup version 0.30.1-3-gfc49f6343a (webtiles) character file.

Game seed: 1208154290992945750

105 shmup the Firebug (level 4, 0/24 HPs)
             Began as a Tengu Fire Elementalist on July 27, 2023.
             Was an Initiate of Gozag.
             Slain by a giant cockroach (1 damage)
             ... on level 3 of the Dungeon.
             The game lasted 00:05:27 (2487 turns).

shmup the Firebug (Tengu Fire Elementalist)         Turns: 2487, Time: 00:05:28

Health: 0/24       AC:  2    Str:  8    XL:     4   Next: 81%
Magic:  7/8        EV: 12    Int: 17    God:    Gozag
Gold:   164        SH:  0    Dex: 15    Spells: 4/7 levels left

rFire   . . .        g - +0 dagger
rCold   . . .        (no shield)
rNeg    . . .        a - +0 robe
rPois   .            (helmet restricted)
rElec   .            (no cloak)
rCorr   .            (no gloves)
SInv    .            (boots unavailable)
Will    .....        (no amulet)
Stlth   +            (no ring)
HPRegen 0.24/turn    (no ring)
MPRegen 0.11/turn

%: no passive effects
@: very slow
A: beak, talons 3
a: Renounce Religion, Potion Petition, Call Merchant, Bribe Branch


You were on level 3 of the Dungeon.
You worshipped Gozag.
Gozag was aware of your devotion.
You visited 1 branch of the dungeon, and saw 3 of its levels.

You collected 235 gold pieces.
You spent 39 gold pieces at shops.
You paid 32 gold pieces to Gozag.

Inventory:

Hand Weapons
 d - a +0 club
 g - a +0 dagger (weapon)
Missiles
 i - 23 stones
 k - 8 poisoned darts
Armour
 a - a +0 robe (worn)
Scrolls
 c - a scroll of enchant weapon {unknown}
 e - a scroll of brand weapon {unknown}
 f - 2 scrolls of identify
 j - a scroll of immolation {unknown}
 l - a scroll of poison
 o - a scroll of magic mapping {unknown}
 p - 2 scrolls of vulnerability
 q - 2 scrolls of teleportation
Potions
 b - a potion of magic
 h - a potion of flight
 m - a potion of degeneration {unknown}
 n - 2 potions of curing
 r - a potion of invisibility {unknown}
 s - 2 potions of ambrosia {unknown}


   Skills:
 - Level 2.1 Dodging
 - Level 2.0 Stealth
 - Level 2.0 Spellcasting
 + Level 3.4 Conjurations
 * Level 5.2 Fire Magic


You had 4 spell levels left.
You knew the following spells:

 Your Spells              Type           Power      Damage    Failure   Level
a - Foxfire               Conj/Fire      64%        2x1d7     3%          1
b - Scorch                Fire           38%        2d6       3%          2

Your spell library contained the following spells:

 Spells                   Type           Power      Damage    Failure   Level
 Apportation              Tloc           2%         N/A       19%         1
 Inner Flame              Hex/Fire       10%        N/A       21%         3
 Volatile Blastmotes      Fire/Tloc      20%        2d11      21%         3
 Flame Wave               Conj/Fire      16%        2d7       32%         4
 Alistair's Intoxication  Tmut/Pois      0%         N/A       99%         5


Dungeon Overview and Level Annotations

Branches:
Dungeon (3/15)

Altars:
Gozag

Shops:
D:2 *

Portals:
Sewer: D:3


Innate Abilities, Weirdness & Mutations

You have a beak for a mouth.
You have claws for feet.


Message History

The giant cockroach attacks as you move away!
The giant cockroach barely misses you.
The gnoll shouts! x2; You hear a shout!
The gnoll throws a javelin.
The javelin pierces through you.
* * * LOW HITPOINT WARNING * * *
You are too injured to fight recklessly!
Unknown command.
A gnoll comes into view. It is wielding a +0 flail.
The giant cockroach bites you.
* * * LOW HITPOINT WARNING * * *
The gnoll throws a javelin.
The javelin pierces through you.
* * * LOW HITPOINT WARNING * * *
The giant cockroach bites you but does no damage.
The gnoll throws a javelin.
The javelin closely misses you.
The giant cockroach attacks as you move away!
The giant cockroach barely misses you.
The giant cockroach attacks as you move away!
The giant cockroach barely misses you. The giant cockroach closely misses you.
The giant cockroach attacks as you move away!
The giant cockroach bites you.
* * * LOW HITPOINT WARNING * * *
You enter the shallow water.
Moving in this stuff is going to be slow.
A giant cockroach comes into view.
You are too injured to fight recklessly!
The giant cockroach attacks as you move away!
The giant cockroach bites you.
* * * LOW HITPOINT WARNING * * *
You are too injured to fight recklessly!
Unknown command.
Casting: Foxfire (safe; 3% risk of failure)
Confirm with . or Enter, or press ? or * to list all spells.
You conjure some foxfire!
The giant cockroach bites you.
* * * LOW HITPOINT WARNING * * *
The quokka bites you.
* * * LOW HITPOINT WARNING * * *
The giant cockroach bites you.
You die...
Your body crumbles into a pile of gold.

...▒ $ ........▒▒..▒...
...........▒...▒
..............▒▒
................
..............
▒▒▒▒▒▒▒▒▒▒▒.............
$
.~~~~~v~r~.g▒▒.▒▒.▒....▒
.~~~~\BQB~.g............
.~~~~~v~~~.g▒▒▒▒..▒....▒
▒▒▒▒▒▒▒▒▒▒▒$$...........
▒▒▒▒▒▒..▒▒...▒
▒▒..▒▒...▒
▒▒▒▒▒........▒
.........▒▒...▒
.▒▒▒▒▒▒▒.▒▒...▒ ▒.▒▒....


You could see 3 gnolls, a quokka and 2 giant cockroaches.

Vanquished Creatures
  3 gnolls (D:2)
  An adder (D:3)
  A worm (D:2)
  A dart slug (D:1)
  5 ball pythons
  4 endoplasms
  A giant cockroach (D:3)
  5 goblins
  3 hobgoblins
  7 jackals
  2 quokkas
  6 bats
  4 frilled lizards
  6 kobolds
  10 rats
59 creatures vanquished.

Vanquished Creatures (others)
  124 foxfires
124 creatures vanquished.

Grand Total: 183 creatures vanquished

Notes
Turn   | Place    | Note
-------+----------+-------------------------------------------
     0 | D:1      | shmup the Tengu Fire Elementalist began the quest for the
                  | Orb.
     0 | D:1      | Reached XP level 1. HP: 10/10 MP: 4/4
     6 | D:1      | Noticed an iguana
     6 | D:1      | Noticed a redback
     6 | D:1      | Noticed a polar bear
     6 | D:1      | Noticed a wyvern
    97 | D:1      | Reached XP level 2. HP: 15/15 MP: 3/6
   320 | D:1      | Reached skill level 4 in Fire Magic
   559 | D:1      | Reached XP level 3. HP: 19/19 MP: 5/7
   562 | D:1      | Learned a level 2 spell: Scorch
   993 | D:1      | Found a faded altar of an unknown god.
  1423 | D:2      | Reached XP level 4. HP: 24/24 MP: 1/8
  1545 | D:2      | Found an opulent altar of Gozag.
  1567 | D:2      | Became a worshipper of Gozag Ym Sagoz the Greedy
  1657 | D:2      | Reached skill level 5 in Fire Magic
  2159 | D:2      | Found Asmar's General Store.
  2162 | D:2      | Bought a scroll of teleportation for 39 gold pieces
  2458 | D:3      | Found a glowing drain.
  2475 | D:3      | Identified the +4 dagger "Cuaw Nag" {vamp, Fragile rPois
                  | Will+++ Stlth+}
  2487 | D:3      | HP: 1/24 [quokka (3)]
  2487 | D:3      | Slain by a giant cockroach

Illustrated notes

Levels and vault maps discovered:
D:1:      onia_arrival_zoo_common, layout_basic,
          chequers_ecumenical_altar_grove, minmay_distorted
D:2:      layout_loops_cross, serial_shops, shop, basic_altar
D:3:      layout_basic, fedhas_altar_3, serial_shops,
          nicolae_shop_tiny_real_fake_doors, portal_sewer_entry_f

Skill      XL: |  1  2  3  4 |
---------------+-------------+-----
Conjurations   | 2 3 |  3.4
Fire Magic     | 4 5 |  5.2
Dodging        | |  2.1
Stealth        | |  2.0
Spellcasting   | |  2.0

Action                     |  1- 3 |  4- 6 || total
---------------------------+-------+-------++-------
  Melee: Unarmed           |     9 |       ||     9
         Kick              |     4 |     7 ||    11
         Peck              |     3 |     1 ||     4
         Club              |     5 |       ||     5
         Dagger            |     2 |    18 ||    20
   Cast: Foxfire           |    46 |    29 ||    75
         Scorch            |     1 |     1 ||     2
    Use: Scroll            |     1 |     3 ||     4
   Stab: Sleeping          |       |     1 ||     1
 Armour: Robe              |     2 |     4 ||     6
  Dodge: Dodged            |    28 |    22 ||    50
